 Dungeon Crawl Stone Soup version 0.27.1-34-g3ba077fa99 (webtiles) character file.

Game seed: 911564796990931188

21 ticklebelly the Chopper (level 2, -1/27 HPs)
             Began as a Minotaur Berserker on Jan 3, 2022.
             Was a Follower of Trog.
             Frozen to death by an endoplasm (2 damage)
             ... on level 1 of the Dungeon.
             The game lasted 00:00:48 (406 turns).

ticklebelly the Chopper (Minotaur Berserker)         Turns: 406, Time: 00:00:49

Health: -1/27      AC:  2    Str: 21    XL:     2   Next: 65%
Magic:  1/1        EV: 12    Int:  4    God:    Trog [*.....]
Gold:   0          SH:  0    Dex:  9    Spells: 1/1 levels left

rFire    . . .     SeeInvis .   a - +0 hand axe
rCold    . . .     Faith    .   (no shield)
rNeg     . . .     Spirit   .   b - +0 animal skin
rPois    .         Reflect  .   (helmet restricted)
rElec    .         Harm     .   (no cloak)
rCorr    .         Rampage  .   (no gloves)
Will     .....                  (no boots)
Stlth    +.........             (no amulet)
HPRegen  0.09/turn              (no ring)
MPRegen  0.07/turn              (no ring)

@: no status effects
A: horns 2, retaliatory headbutt
a: Renounce Religion, Berserk


You were on level 1 of the Dungeon.
You worshipped Trog.
Trog was aware of your devotion.
You visited 1 branch of the dungeon, and saw 1 of its levels.

Inventory:

Hand Weapons
 a - a +0 hand axe (weapon)
Armour
 b - a +0 animal skin (worn)
Scrolls
 d - a scroll of blinking {unknown}
 e - a scroll of amnesia {unknown}
Potions
 c - a potion of degeneration {unknown}
 f - a potion of invisibility {unknown}


   Skills:
 + Level 3.9 Fighting
 + Level 4.0 Axes
 + Level 2.9 Armour
 + Level 2.6 Dodging


You had one spell level left.
You didn't know any spells.
Your spell library was empty.

Dungeon Overview and Level Annotations

Branches:
Dungeon (1/15)

Altars:


Innate Abilities, Weirdness & Mutations

You have a pair of horns on your head.
You reflexively headbutt those who attack you in melee.


Message History

You kill the jackal!
Trog accepts your kill.
Your Axes skill increases to level 4!
You slash the endoplasm!
You kill the endoplasm!
Trog accepts your kill.
You hit the ball python.
You kill the ball python!
Trog accepts your kill.
You hit the giant cockroach but do no damage.
The giant cockroach misses you. You furiously retaliate!
You headbutt the giant cockroach. You closely miss the giant cockroach.
The giant cockroach is moderately wounded.
You completely miss the goblin. The goblin hits you with a +0 club.
The giant cockroach bites you but does no damage.
The goblin hits you with a +0 club.
You are too injured to fight recklessly!
You are too injured to fight recklessly!
The giant cockroach barely misses you. The endoplasm freezes you.
You are frozen.
* * * LOW HITPOINT WARNING * * *
You hit the giant cockroach but do no damage.
The giant cockroach is moderately wounded.
You hit the endoplasm. You hit the goblin but do no damage.
The giant cockroach bites you but does no damage.
The endoplasm freezes you.
You are frozen.
* * * LOW HITPOINT WARNING * * *
A ball python comes into view.
The giant cockroach bites you.
* * * LOW HITPOINT WARNING * * *
The goblin hits you with a +0 club.
* * * LOW HITPOINT WARNING * * *
You closely miss the goblin. Your headbutt misses the goblin.
You hit the endoplasm but do no damage. You hit the giant cockroach.
The endoplasm freezes you.
You are frozen.
You die...

################
...†............ .....
######.......# ..... #
#.......######..... #
#................##
######..................
......................S.
........#####...........
........# #...@B......
........# #...gJ......
##+####.# #....†......
#.# #.# #...........
##.# #.# #...........
...# #.# #...........
##.####'#####.........#.
#........(...........#
##...........#####....#


You could see an endoplasm, a giant cockroach, a goblin and a ball python.

Vanquished Creatures
  A ball python (D:1)
  3 endoplasms (D:1)
  A giant cockroach (D:1)
  A goblin (D:1)
  2 hobgoblins (D:1)
  4 jackals (D:1)
  A quokka (D:1)
  A bat (D:1)
  2 frilled lizards (D:1)
  2 rats (D:1)
18 creatures vanquished.

Notes
Turn   | Place    | Note
-------+----------+-------------------------------------------
     0 | D:1      | ticklebelly the Minotaur Berserker began the quest for the
                  | Orb.
     0 | D:1      | Reached XP level 1. HP: 19/19 MP: 0/0
   136 | D:1      | Found a faded altar of an unknown god.
   189 | D:1      | Reached XP level 2. HP: 27/27 MP: 1/1
   402 | D:1      | Reached skill level 4 in Axes
   405 | D:1      | HP: 1/27 [goblin (1)]
   406 | D:1      | Frozen to death by an endoplasm

Illustrated notes

Levels and vault maps discovered:
D:1:      shiori_arrival_elements, layout_basic,
          shapermc_ecumenical_altar_ellora, minmay_bisected

Skill      XL: |  1  2 |
---------------+-------+-----
Axes           | 4 |  4.0
Fighting       | |  3.9
Armour         | |  2.9
Dodging        | |  2.6

Action                   || total
-------------------------++-------
Melee: Hand axe          ||    34
       Headbutt          ||     6
Armor: Animal skin       ||     9
Dodge: Dodged            ||    21
